 Dungeon Crawl Stone Soup version 0.24-a0-361-g57161393b2 (webtiles) character file.

Game seed: 8750329611537071344

12 theanonym the Magician (level 2, -2/17 HPs)
             Began as an Octopode Wizard on May 26, 2019.
             Slain by a worker ant (8 damage)
             ... on level 2 of the Dungeon.
             The game lasted 00:01:17 (1333 turns).

theanonym the Magician (Octopode Wizard)            Turns: 1333, Time: 00:01:18

Health: -2/17      AC:  1    Str:  6    XL:     2   Next: 33%
Magic:  1/6        EV: 13    Int: 20    God:
Gold:   19         SH:  0    Dex: 10    Spells: 2/7 levels left

rFire    . . .     SeeInvis .   g - +0 short sword
rCold    . . .     Gourm    .   (no shield)
rNeg     . . .     Faith    .   a - +0 hat
rPois    .         Spirit   .   (no amulet)
rElec    .         Reflect  .   (no ring)
rCorr    .         Harm     .   (no ring)
MR       .....                  (no ring)
Stlth    +++.......             (no ring)
HPRegen  0.05/turn              (no ring)
MPRegen  0.10/turn              (no ring)
                                (no ring)
                                (no ring)

@: lethally poisoned (-2 -> -12)
A: almost no armour, stealthy swim, amphibious, 8 rings, constrict 8, camouflage
1, gelatinous body 1
a: no special abilities


Innate Abilities, Weirdness & Mutations

You cannot wear most types of armour.
You are very stealthy in the water. (Stealth+)
You are amphibious.
You can wear up to eight rings at the same time.
You can use your tentacles to constrict eight enemies at once.
Your skin changes colour to match your surroundings (Stealth+).
Your rubbery body absorbs attacks. (AC +1, EV +1)


   Skills:
 - Level 2.0 Dodging
 - Level 2.6 Stealth
 + Level 3.3 Spellcasting
 + Level 1.7 Conjurations
 - Level 1.0 Summonings
 - Level 1.0 Translocations


You had 2 spell levels left.
You knew the following spells:

 Your Spells              Type           Power        Failure   Level  Hunger
a - Magic Dart            Conj           ##..         7%          1    None
b - Call Imp              Summ           #.......     14%         2    ##.....
l - Blink                 Tloc           N/A          14%         2    ##.....

Your spell library contained the following spells:

 Spells                   Type           Power        Failure   Level  Hunger
 Slow                     Hex            #.......     22%         2    ##.....
 Conjure Flame            Conj/Fire      #.......     28%         3    ###....
 Mephitic Cloud           Conj/Pois/Air  #.......     32%         3    ###....

Action                   || total
-------------------------++-------
Melee: Club              ||    15
       Constrict         ||     5
       Tentacles         ||     2
       Unarmed           ||     1
       Short sword       ||     5
 Cast: Magic Dart        ||    20
 Stab: Sleeping          ||     1
  Eat: Chunk             ||     1
Armor: Skin              ||     3
Dodge: Dodged            ||    14

Inventory:

Hand Weapons
 f - a +0 club
 g - a +0 short sword (weapon)
Missiles
 b - a throwing net (quivered)
Armour
 a - a +0 hat (worn)
Scrolls
 d - a scroll of identify {unknown}
Comestibles
 c - 2 chunks of flesh
 e - a ration


You were on level 2 of the Dungeon.
You were not hungry.

You visited 1 branch of the dungeon, and saw 2 of its levels.

You collected 19 gold pieces.

Dungeon Overview and Level Annotations

Branches:
Dungeon (2/15)

Altars:

#.# #.# #..
#.# #.. #.#
###a####
#..@...#
#....#.#
#......# .
#....#.# ...
#.#.##.##.....
#.....<...#
###.#####.#
#.# # #.


You could see a worker ant.

Notes
Turn   | Place    | Note
-------+----------+-------------------------------------------
     0 | D:1      | theanonym the Octopode Wizard began the quest for the Orb.
     0 | D:1      | Reached XP level 1. HP: 11/11 MP: 4/4
   605 | D:1      | HP: 5/11 [leopard gecko (4)]
   607 | D:1      | HP: 2/11 [leopard gecko (3)]
   608 | D:1      | Reached XP level 2. HP: 3/17 MP: 1/6
   882 | D:1      | Learned a level 2 spell: Blink
   893 | D:1      | Learned a level 2 spell: Call Imp
  1331 | D:2      | HP: 8/17 [worker ant (3)]
  1333 | D:2      | Slain by a worker ant

Vanquished Creatures
  A leopard gecko (D:1)
  3 goblins (D:1)
  A hobgoblin (D:1)
  3 bats (D:1)
  A frilled lizard (D:1)
  2 kobolds (D:1)
  2 rats (D:1)
13 creatures vanquished.

Table legend:
 A = Turns spent in this place as a percentage of turns spent in the entire game.
 B = Non-inter-level travel turns spent in this place as a percentage of non-inter-level travel turns spent in the entire game.
 C = Inter-level travel turns spent in this place as a percentage of turns spent in this place.
 D = Turns resting spent in this place as a percentage of non-inter-level travel turns spent in this place.
 E = Turns spent auto-exploring this place as a percentage of non-inter-level travel turns spent in this place.
 F = Non-inter-level travel turns spent in this place divided by the number of levels of this place that you've seen.
                   A       B       C       D       E      F
               +-------+-------+-------+-------+-------+----------------------
         Total | 100.0 | 100.0 |   4.2 |  28.2 |  65.4 | 638.5
       Dungeon | 100.0 | 100.0 |   4.2 |  28.2 |  65.4 | 638.5
               +-------+-------+-------+-------+-------+----------------------
